 Dungeon Crawl Stone Soup version 0.27.1-34-g3ba077fa99 (webtiles) character file.

Game seed: 1241483592790949578

389 mcbry74 the Changer (level 6, -1/44 HPs)
             Began as a Merfolk Gladiator on Jan 28, 2022.
             Slain by Eustachio (10 damage)
             ... on level 4 of the Dungeon.
             The game lasted 00:10:52 (3097 turns).

mcbry74 the Changer (Merfolk Gladiator)             Turns: 3097, Time: 00:10:53

Health: -1/44      AC:  5    Str: 15    XL:     6   Next: 79%
Magic:  6/6        EV: 13    Int:  9    God:
Gold:   87         SH:  0    Dex: 15    Spells: 5/5 levels left

rFire    . . .     SeeInvis .   e - +3 spear (freeze)
rCold    . . .     Faith    .   (no shield)
rNeg     . . .     Spirit   .   b - +0 leather armour
rPois    .         Reflect  .   c - +0 helmet
rElec    .         Harm     .   (no cloak)
rCorr    .         Rampage  .   (no gloves)
Will     .....                  h - +0 pair of boots
Stlth    +.........             (no amulet)
HPRegen  0.14/turn              (no ring)
MPRegen  0.10/turn              (no ring)

@: studying Transmutations
A: (nimble swimmer 2), mertail
a: no special abilities


You were on level 4 of the Dungeon.
You visited 1 branch of the dungeon, and saw 4 of its levels.

You collected 87 gold pieces.

Inventory:

Hand Weapons
 a - a +0 trident
 e - a +3 spear of freezing (weapon)
 t - a +0 halberd
 u - a +0 halberd
Missiles
 d - 3 throwing nets
 j - 29 poisoned darts (quivered)
 q - 14 sling bullets
Armour
 b - a +0 leather armour (worn)
 c - a +0 helmet (worn)
 h - a +0 pair of boots (worn)
Scrolls
 f - a scroll of enchant armour {unknown}
 l - 2 scrolls of teleportation {unknown}
 m - a scroll of amnesia {unknown}
 r - a scroll of blinking {unknown}
 s - 4 scrolls of identify
 v - a scroll of vulnerability {unknown}
Potions
 g - a potion of attraction {unknown}
 i - 2 potions of heal wounds {unknown}
 k - 3 potions of lignification {unknown}
 n - a potion of cancellation {unknown}
 o - a potion of flight {unknown}
 p - 2 potions of curing {unknown}


   Skills:
 - Level 2.1 Fighting
 + Level 5.1 Polearms
 - Level 2.0 Throwing
 - Level 4.0 Dodging
 + Level 5.6 Unarmed Combat
 + Level 6.8 Transmutations


You had 5 spell levels left.
You didn't know any spells.
Your spell library was empty.

Dungeon Overview and Level Annotations

Branches:
Dungeon (4/15)
 Temple: D:4-7

Altars:

Shops:
D:2 [

Annotations:
D:4 Eustachio


Innate Abilities, Weirdness & Mutations

((You are quick and stealthy near water. (Stealth+, EV+, Speed+++)))
Your lower body shifts to a powerful aquatic tail in water.


Message History

* * * LOW HITPOINT WARNING * * *
The kobold hits you but does no damage. The bat closely misses you.
The endoplasm freezes you.
You are frozen.
* * * LOW HITPOINT WARNING * * *
Found a stone staircase leading down.
The bat barely misses you. The bat hits you but does no damage.
The bat hits you but does no damage. The bat barely misses you.
The bat hits you but does no damage. The bat misses you.
The bat closely misses you. The bat hits you but does no damage.
The bat barely misses you. The bat misses you. The bat misses you.
A goblin comes into view. It is wielding a +0 club.
The bat misses you. The bat barely misses you.
The goblin shouts!
The bat closely misses you.
A dart slug comes into view.
The bat hits you but does no damage. The bat barely misses you.
The bat closely misses you. The bat closely misses you. The bat misses you.
The goblin closely misses you. The bat barely misses you.
The goblin closely misses you. The bat hits you but does no damage.
The river rat closely misses you. The bat closely misses you.
The river rat closely misses you. The bat closely misses you.
Eustachio calls on the powers of shadow!
The bat closely misses you.
You barely miss Eustachio.
Eustachio is severely wounded.
The bat hits you but does no damage. Eustachio hits you with a +0 rapier.
* * * LOW HITPOINT WARNING * * *
You hit Eustachio. You freeze Eustachio.
Eustachio is almost dead.
The bat hits you.
* * * LOW HITPOINT WARNING * * *
Eustachio hits you with a +0 rapier!
You die...

......###. #..........
....##...##
#.....>...##..... #...
###................####..
...........##...........
#.........##......####.
#..........#.#......... #
#...$........#...###...
#.#....r@@...##..#.###...
#...#.gb####..#.....##...
.........####.......###..
.......K..#####.....# #.#
..#......J....#.....# #.#
........#..##.......###.#
......w...r##.......##..#
##.###........###..†##.##
#......##.....# ##..##.#


You could see Eustachio, a river rat (summoned), a dart slug, a goblin, a bat
(summoned) and a kobold.

Vanquished Creatures
  Sigmund (D:2)
  A jelly (D:4)
  A hound skeleton (D:3)
  Robin (D:2)
  5 adders
  4 gnolls
  An adder zombie (D:3)
  A worm (D:2)
  An orc (D:3)
  4 ball pythons
  5 bats
  6 endoplasms
  2 giant cockroaches
  15 goblins
  9 hobgoblins
  8 jackals (D:3)
  2 kobolds (D:1)
  2 quokkas (D:2)
  3 ball python skeletons (D:3)
  A frilled lizard (D:2)
  A quokka zombie (D:3)
  2 rats
76 creatures vanquished.

Notes
Turn   | Place    | Note
-------+----------+-------------------------------------------
     0 | D:1      | mcbry74 the Merfolk Gladiator began the quest for the Orb.
     0 | D:1      | Reached XP level 1. HP: 16/16 MP: 1/1
   201 | D:1      | Reached XP level 2. HP: 22/22 MP: 2/2
   254 | D:1      | Found a faded altar of an unknown god.
   287 | D:1      | Reached skill level 1 in Transmutations
   411 | D:1      | Reached skill level 1 in Unarmed Combat
   809 | D:1      | Reached skill level 2 in Transmutations
   864 | D:2      | Reached XP level 3. HP: 27/27 MP: 3/3
  1008 | D:2      | Found Nonwevoj's Antique Armour Shop.
  1147 | D:2      | Noticed Robin
  1147 | D:2      | Noticed Sigmund
  1537 | D:2      | Reached skill level 3 in Transmutations
  1669 | D:2      | Killed Robin
  1670 | D:2      | Reached XP level 4. HP: 28/33 MP: 4/4
  1760 | D:2      | Killed Sigmund
  1761 | D:2      | Reached skill level 5 in Transmutations
  1761 | D:2      | Reached XP level 5. HP: 8/38 MP: 5/5
  1761 | D:2      | Reached XP level 6. HP: 9/44 MP: 6/6
  2394 | D:3      | Reached skill level 5 in Unarmed Combat
  2394 | D:3      | Reached skill level 6 in Transmutations
  2986 | D:4      | Reached skill level 5 in Polearms
  3054 | D:4      | Noticed Eustachio
  3097 | D:4      | Slain by Eustachio

Illustrated notes

Levels and vault maps discovered:
D:1:      dpeg_arrival_pond, layout_basic, shapermc_ecumenical_altar_mp_vishouse
D:2:      layout_loops_ring, serial_shops, nicolae_lakefront_shop,
          kennysheep_another_room, uniq_robin, uniq_sigmund
D:3:      layout_rooms, serial_undead, serial_undead_f, serial_undead_e,
          serial_undead_e, serial_undead_a, serial_undead_c, serial_undead_a
D:4:      layout_rooms, minmay_temple_entry_tees, uniq_blork_the_orc,
          uniq_eustachio

Skill      XL: |  1  2  3  4  5  6 |
---------------+-------------------+-----
Transmutations | 2 3 5 6 |  6.8
Unarmed Combat | 1 2 4 5 |  5.6
Polearms       | 5 |  5.1
Fighting       | |  2.1
Throwing       | |  2.0
Dodging        | |  4.0

Action                   |  1- 3 |  4- 6 || total
-------------------------+-------+-------++-------
Melee: Spear             |   100 |   135 ||   235
       Punch             |     1 |       ||     1
Throw: Dart              |       |     6 ||     6
  Use: Scroll            |     2 |       ||     2
 Stab: Sleeping          |     2 |       ||     2
Armor: Leather armour    |    14 |    31 ||    45
Dodge: Dodged            |    36 |   128 ||   164
